 Dungeon Crawl Stone Soup version 0.14.0-7-g2801ba0 (webtiles) character file.

6473 Terrorblade the Markscentaur (level 10, -1/77 HPs)
             Began as a Centaur Summoner on Apr 12, 2014.
             Was a Priest of Okawaru.
             Splashed by an oklob plant's acid (10 damage)
             ... on Level 2 of the Lair of Beasts.
             The game lasted 00:45:31 (10643 turns).

Terrorblade the Markscentaur (Centaur Summoner)    Turns: 10643, Time: 00:45:31

HP  -1/77        AC 10     Str 11      XL: 10   Next: 63%
MP  11/11        EV  5     Int 14      God: Okawaru [***...]
Gold 185         SH  0     Dex 13      Spells:  1 memorised, 11 levels left

rFire  + . .     SeeInvis .     b - +0 bow
rCold  . . .     Clarity  .     M - +0 ring mail "Heqo Blio" {rN+}
rNeg   + + .     Conserve .     (no shield)
rPois  .         rCorr    .     (no helmet)
rElec  .         rRot     .     v - +0 cloak
SustAb . .       Spirit   .     O - +0 pair of gloves
rMut   .         Warding  +     j - -1 centaur barding
Saprov . . .     Stasis   .     k - amulet of warding
MR     .....                    (no ring)
                                g - ring of protection from fire

@: very quick, not resistant to hostile enchantments, extremely unstealthy
A: hooves 3, deformed body, herbivore 1, speed 2, fast metabolism 1,
regeneration 1, tough skin 3
a: Heroism, Renounce Religion


You were on level 2 of the Lair of Beasts.
You worshipped Okawaru.
Okawaru was most pleased with you.
You were hungry.

You visited 3 branches of the dungeon, and saw 12 of its levels.

You collected 335 gold pieces.
You spent 150 gold pieces at shops.


Innate Abilities, Weirdness & Mutations

You have hooves in place of feet.
Armour fits poorly on your strangely shaped body.
You digest meat inefficiently.
You cover ground very quickly.
You have a fast metabolism.
You have extremely tough skin (AC +3).
Your natural rate of healing is unusually fast.


   Skills:
 - Level 3.5 Fighting
 + Level 17.5 Bows
 - Level 7.3 Throwing
 - Level 1.3 Dodging
 - Level 1.2 Stealth
 - Level 1.5 Spellcasting
 - Level 3.6 Summonings


You had 11 spell levels left.
You knew the following spells:

 Your Spells              Type           Power        Failure   Level  Hunger
a - Summon Small Mammal   Summ           ##..         12%         1    ##.....

Inventory:

Hand weapons
 a - a +1,+3 short sword of venom
 b - a +0,+0 bow (weapon)
 Q - a +1,+2 great sword
Missiles
 s - 7 tomahawks
 u - 16 poisoned needles
 B - 22 arrows (quivered)
 C - 4 javelins
 R - 2 poisoned arrows
Armour
 j - a -1 centaur barding (worn)
 v - a +0 cloak (worn)
 D - a +2 robe of magic resistance
 M - the +0 ring mail "Heqo Blio" (worn) {rN+}
   (You found it on level 8 of the Dungeon)

   It protects you from negative energy.
 O - a +0 pair of gloves (worn)
 P - a +0 helmet
Magical devices
 i - a wand of disintegration (9) {unknown}
 m - a wand of enslavement (10) {unknown}
 o - a wand of draining (5) {unknown}
 I - a wand of confusion (12) {unknown}
 U - a wand of flame (11) {unknown}
Comestibles
 c - 13 bread rations
 q - a choko
 A - 5 meat rations
Scrolls
 d - a scroll of identify
 l - 2 scrolls of teleportation
 p - 2 scrolls of immolation {!r}
 F - a scroll of enchant weapon I
 H - a scroll of blinking
 K - a scroll of remove curse
 W - a scroll of fear
Jewellery
 g - a ring of protection from fire (left hand)
 k - an amulet of warding (around neck)
 r - an uncursed amulet of resist corrosion
 w - an uncursed ring of ice
Potions
 t - 4 potions of curing {unknown}
 x - a potion of magic {unknown}
 z - a potion of invisibility
 E - 2 potions of heal wounds {unknown}
 G - 2 potions of haste
 J - a potion of poison {unknown}
 T - 2 potions of might {unknown}
Books
 e - a book of Wizardry

   Spells                             Type                      Level
   Summon Elemental                   Summoning                    4
   Agony                              Necromancy                   5
   Force Lance                        Conjuration                  5
   Haste                              Charms                       6
   Invisibility                       Hexes                        6
   Spellforged Servitor               Conjuration/Summoning        7
 h - a book of Callings

   Spells                             Type                      Level
   *Summon Small Mammal               Summoning                    1
   Call Imp                           Summoning                    2
   Call Canine Familiar               Summoning                    3
   Summon Guardian Golem              Hexes/Summoning              4
   Summon Lightning Spire             Summoning/Air                4
   Summon Ice Beast                   Ice/Summoning                4
 y - a book of the Tempests

   Spells                             Type                      Level
   Static Discharge                   Conjuration/Air              3
   Lightning Bolt                     Conjuration/Air              5
   Fireball                           Conjuration/Fire             5
   Tornado                            Air                          9
   Shatter                            Earth                        9
 S - a book of Envenomations

   Spells                             Type                      Level
   Spider Form                        Transmutation/Poison         3
   Poison Weapon                      Charms/Poison                3
   Alistair's Intoxication            Transmutation/Poison         4
   Olgreb's Toxic Radiance            Poison                       4
   Poisonous Cloud                    Conjuration/Poison/Air       6
Magical staves
 L - an uncursed staff of cold {unknown}

Dungeon Overview and Level Annotations

Branches:
Dungeon (9/15)             Temple (1/1) D:4            Lair (2/8) D:9
    Orc: D:9-12

Altars:
Ashenzari
Cheibriados
Dithmenos
Elyvilon
Fedhas
Kikubaaqudgha
Makhleb
Nemelex Xobeh
Okawaru
Sif Muna
Vehumet
Xom
Yredelemnul
Zin
The Shining One

Shops:
D:5 *   D:6 [=   D:8 *

Annotations:
Lair:2 exclusion: oklob plant

≈ ·······
≈≈≈▒▒·····
♣≈▒·····▒▒
♣≈♣······▒·▒
≈≈·······F·▒ ▒ ·
·····▒·<(▒▒▒·▒···
················?·
······f·h····P!··
········c·(··F···
·················
·········f·····
P········▒(····
PPP············
·P······▒····
P··········
······· · ···


You could see an oklob plant, a wolf and 2 giant frogs.


Message History

The wolf bites you!
* * * LOW HITPOINT WARNING * * *
Firing (i - inventory. (,) - cycle):
B - 23 arrows (quivered)
Aim: a wolf (lightly wounded)
You shoot an arrow. The arrow hits the wolf.
The wolf is severely wounded.
The wolf bites you.
* * * LOW HITPOINT WARNING * * *
Found a scroll of teleportation.
There is a stone staircase leading down here.
The wolf bites you!
* * * LOW HITPOINT WARNING * * *
The wolf bites you but does no damage.
You climb downwards.
A giant frog comes into view.
The giant frog gives a loud, deep croak!
You hear an angry hiss.
Found five items.
There is a stone staircase leading up here.
A giant frog comes into view.
The giant frog croaks.
The wolf bites you.
* * * LOW HITPOINT WARNING * * *
Marking area around the oklob plant as unsafe for travelling.
An oklob plant comes into view.
The oklob plant spits acid at you. The splash of acid hits you!
The acid corrodes your +0 centaur barding!
The acid burns!
You die...

Action                   |  1- 3 |  4- 6 |  7- 9 | 10-12 || total
-------------------------+-------+-------+-------+-------++-------
Melee: Unarmed           |    30 |       |       |       ||    30
       Club              |    69 |       |       |       ||    69
       Short sword       |    60 |    74 |   160 |    42 ||   336
       Falchion          |       |    22 |    35 |       ||    57
       Bow               |       |       |     2 |       ||     2
 Fire: Bow               |       |    22 |   231 |   207 ||   460
Throw: Dart              |    28 |     8 |     4 |       ||    40
       Tomahawk          |    10 |     6 |    12 |       ||    28
       Javelin           |       |       |    44 |       ||    44
  Use: Potion            |       |     4 |       |     2 ||     6
       Scroll            |       |       |     8 |     3 ||    11
 Stab: Sleeping          |       |       |     1 |       ||     1

Vault maps used:
D:1:      minmay_arrival_open_corners, kennysheep_decorative_pillar
D:2:      lemuel_doored_altar, minmay_misc_feat_four_crosses, grunt_ministairs_2
D:3:      general_overflow_altar, uniq_grinder
D:4:      fedhas_ov_isle_minmay, temple_fountains, minmay_misc_feat_chi,
          roderic_chinese_pattern_swastika
D:5:      grunt_temple_overflow_open, old_standard_altar, serial_shops, shop,
          first_bread, uniq_duvessa
D:6:      kennysheep_mini, lemuel_round_altar, lightli_temple_of_fire,
          serial_shops, shop, nicolae_shop_stone
D:7:      the_bakery, uniq_pikel
D:8:      kennysheep_mini_moat, serial_shops, nicolae_shop_waterfront,
          grunt_decor_one_mirror, st_stairs_11
D:9:      dpeg_lair_monsters, basic_altar, bh_walls_and_bars
Temple:   nicolae_temple_hex_pool_5
Lair:1:   portal_ice_cave_entry_ice_beasts, uniq_fannar
Lair:2:   serial_bayou, serial_bayou_pond_c, serial_bayou_pond_a,
          serial_bayou_shore_b, serial_bayou_lake_a, disabler_island,
          lemuel_fruit_tree

Notes
Turn   | Place    | Note
--------------------------------------------------------------
     0 | D:1      | Terrorblade, the Centaur Summoner, began the quest for the Orb.
     0 | D:1      | Reached XP level 1. HP: 14/14 MP: 2/2
   113 | D:1      | Reached skill level 1 in Throwing
   449 | D:1      | Reached skill level 2 in Throwing
   449 | D:1      | Reached XP level 2. HP: 20/22 MP: 3/3
   619 | D:1      | Reached skill level 1 in Fighting
  1162 | D:2      | Reached XP level 3. HP: 25/28 MP: 5/5
  1414 | D:2      | Reached skill level 3 in Throwing
  1950 | D:2      | Found a glowing silver altar of Zin.
  2185 | D:3      | Noticed Grinder
  2187 | D:3      | Paralysed by Grinder for 2 turns
  2202 | D:2      | Paralysed by Grinder for 4 turns
  2212 | D:2      | Killed Grinder
  2212 | D:2      | Reached skill level 7 in Throwing
  2212 | D:2      | Reached XP level 4. HP: 7/35 MP: 5/5
  2212 | D:2      | Reached XP level 5. HP: 8/40 MP: 6/6
  2212 | D:2      | Reached XP level 6. HP: 9/47 MP: 8/8
  2548 | D:3      | Found a white marble altar of Elyvilon.
  2589 | D:3      | Reached skill level 2 in Fighting
  2988 | D:4      | Gained mutation: Your natural rate of healing is unusually fast. [potion of beneficial mutation]
  2997 | D:4      | HP: 5/50 [poisoned by a worker ant]
  3003 | D:4      | HP: 4/50 [poisoned by a worker ant]
  3008 | D:4      | HP: 3/50 [poisoned by a worker ant]
  3014 | D:4      | HP: 4/50 [poisoned by a worker ant]
  3022 | D:4      | HP: 4/50 [poisoned by a worker ant]
  3250 | D:4      | Found a staircase to the Ecumenical Temple.
  3257 | Temple   | Entered the Ecumenical Temple
  3505 | D:4      | Reached skill level 3 in Fighting
  3597 | D:4      | Reached skill level 1 in Bows
  3614 | D:4      | Reached skill level 2 in Bows
  3806 | D:4      | Found a blossoming altar of Fedhas.
  3903 | D:4      | Reached skill level 3 in Bows
  3919 | D:4      | Reached XP level 7. HP: 24/57 MP: 8/8
  4214 | D:4      | Reached skill level 5 in Bows
  4765 | D:4      | Reached skill level 6 in Bows
  4816 | D:5      | Entered Level 5 of the Dungeon
  4822 | D:5      | Found a burning altar of Makhleb.
  4874 | D:5      | Reached skill level 7 in Bows
  4879 | D:5      | Found a sparkling altar of Nemelex Xobeh.
  4879 | D:5      | Found an iron altar of Okawaru.
  4893 | D:5      | Found a snail-covered altar of Cheibriados.
  4900 | D:5      | Became a worshipper of Warmaster Okawaru
  5041 | D:5      | Noticed Duvessa
  5041 | D:5      | Noticed Dowan
  5047 | D:5      | Killed Dowan
  5086 | D:5      | Killed Duvessa
  5086 | D:5      | Reached skill level 8 in Bows
  5086 | D:5      | Reached XP level 8. HP: 54/63 MP: 9/9
  5142 | D:5      | Found Oni Clun's Assorted Antiques.
  5166 | D:5      | Bought a scroll labeled GUOZUO NEUMIYD for 27 gold pieces
  5166 | D:5      | Bought a scroll labeled KUARRA NUX AKA for 27 gold pieces
  5670 | D:6      | Reached skill level 9 in Bows
  5826 | D:6      | Found Phoufuywn's Jewellery Emporium.
  5942 | D:6      | Found a radiant altar of Vehumet.
  6075 | D:6      | Reached skill level 10 in Bows
  6183 | D:6      | Found a glowing golden altar of the Shining One.
  6367 | D:6      | Reached skill level 11 in Bows
  6442 | D:6      | Found Zaid's Antique Armour Shoppe.
  6735 | D:7      | Acquired Okawaru's first power
  6826 | D:7      | Reached skill level 12 in Bows
  6826 | D:7      | Reached XP level 9. HP: 70/70 MP: 11/11
  6884 | D:7      | Paralysed by a giant eyeball for 4 turns
  6925 | D:7      | Noticed Pikel
  6968 | D:7      | Killed Pikel
  6968 | D:7      | Reached skill level 13 in Bows
  7507 | D:8      | Found Hiaxkac's Assorted Antiques.
  7517 | D:8      | Reached skill level 14 in Bows
  7567 | D:8      | Found a shattered altar of Ashenzari.
  7582 | D:8      | Got a shimmering ring mail
  7592 | D:8      | Identified the +0 ring mail "Heqo Blio" {rN+} (You found it on level 8 of the Dungeon)
  8168 | D:8      | Reached skill level 15 in Bows
  8211 | D:8      | Reached XP level 10. HP: 77/77 MP: 11/11
  8381 | D:8      | Bought a smoky silvery potion for 24 gold pieces
  8381 | D:8      | Bought a yellow potion for 24 gold pieces
  8381 | D:8      | Bought 2 murky brown potions for 48 gold pieces
  8770 | D:8      | Received a gift from Okawaru
  8926 | D:8      | Reached skill level 16 in Bows
  9732 | D:9      | Found a white marble altar of Elyvilon.
 10043 | D:9      | Found a staircase to the Lair.
 10169 | D:9      | Reached skill level 17 in Bows
 10599 | Lair:1   | Entered Level 1 of the Lair of Beasts
 10643 | Lair:2   | Noticed an oklob plant
 10643 | Lair:2   | Splashed by an oklob plant's acid

Vanquished Creatures
  Pikel (D:7)
  Grinder (D:2)
  A two-headed ogre (D:9)
  A spriggan (D:7)
  3 ugly things (D:8)
  A hungry ghost (D:7)
  A water moccasin (D:9)
  3 wolves (Lair:1)
  2 phantoms
  8 ogres
  3 orc warriors (D:8)
  3 ice beasts
  A sky beast (D:7)
  A slave (D:7)
  A black bear (D:9)
  2 centaurs
  Duvessa (D:5)
  A big kobold (D:7)
  3 giant frogs
  A giant slug (D:9)
  A jelly (D:9)
  A yak zombie (D:9)
  4 scorpions
  10 wights (D:8)
  A yak skeleton (D:7)
  A giant frog zombie (D:5)
  A killer bee (D:8)
  Dowan (D:5)
  4 crimson imps
  A centaur skeleton (D:7)
  4 hounds
  6 orc priests
  8 orc wizards
  An iguana (D:4)
  9 worker ants
  3 gnolls (D:4)
  A gnoll zombie (D:6)
  A shadow imp (D:7)
  4 adders
  2 giant mites
  A worm (D:8)
  A giant eyeball (D:7)
  9 giant geckos
  An ooze (D:1)
  32 orcs
  11 goblins
  18 hobgoblins
  9 jackals
  9 kobolds
  4 quokkas
  2 ball pythons
  16 bats
  2 giant cockroaches
  4 giant newts
  2 giant spores
  A goblin zombie (D:5)
  2 hobgoblin skeletons (D:6)
  An orc skeleton (D:5)
  2 quokka zombies
  18 rats
  6 ballistomycetes
254 creatures vanquished.

Vanquished Creatures (others)
  A giant spore (D:9)
1 creature vanquished.

Grand Total: 255 creatures vanquished
